 Dungeon Crawl Stone Soup version 0.29.0-4-gdea44cf6ec (webtiles) character file.

Game seed: 10998232063962606730

277 qw the Chopper (level 6, -5/35 HPs)
             Began as a Tengu Warper on Aug 28, 2022.
             Was a Follower of Okawaru.
             Slain by an ogre
             ... wielding a +0 giant spiked club
              (18 damage)
             ... on level 5 of the Dungeon.
             The game lasted 00:00:21 (4191 turns).

qw the Chopper (Tengu Warper)                       Turns: 4191, Time: 00:00:21

Health: -5/35      AC: 12    Str: 13    XL:     6   Next: 26%
Magic:  9/10       EV: 10    Int: 14    God:    Okawaru [*.....]
Gold:   238        SH:  0    Dex: 13    Spells: 9/9 levels left

rFire   . . .      SeeInvis .   Y - +1 hand axe
rCold   . . .      Faith    .   (no shield)
rNeg    . . .      Spirit   .   o - +0 chain mail
rPois   .          Reflect  .   (helmet restricted)
rElec   .          Harm     .   (no cloak)
rCorr   .          Rampage  .   f - +0 pair of gloves
Will    .....                   (boots unavailable)
Stlth   ..........              (no amulet)
HPRegen 0.11/turn               (no ring)
MPRegen 0.12/turn               (no ring)

@: heroic, flying quickly and evasively, quick
A: beak, talons 3, nimble flight
a: Renounce Religion, Heroism


You were on level 5 of the Dungeon.
You worshipped Okawaru.
Okawaru was aware of your devotion.
You visited 1 branch of the dungeon, and saw 5 of its levels.

You collected 238 gold pieces.


Innate Abilities, Weirdness & Mutations

You have a beak for a mouth.
You have claws for feet.
Your magical nature lets you fly swiftly and evasively.


   Skills:
 - Level 2.0(7.0) Fighting
 + Level 6.4(11.4) Axes
 - Level 1.0(6.0) Throwing
 - Level 2.7(7.7) Armour
 - Level 2.1(7.1) Dodging
 - Level 2.0 Spellcasting
 - Level 2.4 Translocations
 + Level 0.4 Invocations


You had 9 spell levels left.
You didn't know any spells.
Your spell library contained the following spells:

 Spells                   Type           Power      Damage    Failure   Level
 Blink                    Tloc           16%        N/A       95%         2
 Gell's Gravitas          Tloc           8%         N/A       99%         3
 Lesser Beckoning         Tloc           8%         N/A       99%         3
 Teleport Other           Tloc           8%         N/A       99%         3
 Manifold Assault         Tloc           8%         N/A       100%        5

Inventory:

Hand Weapons
 k - a +0 whip
 Y - a +1 hand axe (weapon)
Missiles
 d - 9 boomerangs (quivered)
Armour
 f - a +0 pair of gloves (worn)
 o - a +0 chain mail (worn)
Scrolls
 a - 2 scrolls of identify
Potions
 b - a potion of might {unknown}
 c - a potion of mutation {unknown}
 e - 6 potions of curing
 i - a potion of heal wounds {unknown}
 l - a potion of degeneration {unknown}
 m - a potion of berserk rage {unknown}

Dungeon Overview and Level Annotations

Branches:
Dungeon (5/15)
 Temple: D:4-7

Altars:
Okawaru
Trog
Uskayaw
Yredelemnul
Zin
The Shining One

Shops:
D:2 :


Message History

You peck the black bear, but do no damage.
The black bear is heavily wounded.
You hit the ogre. The ogre barely misses you. The black bear bites you.
The black bear claws you but does no damage.
The black bear barely misses you.
4185 ||| Stepping ~*~*~tactically~*~*~ (hiding).
You barely miss the black bear.
You claw the black bear, but do no damage.
You peck the black bear.
The black bear is heavily wounded.
You hit the ogre but do no damage.
The black bear bites you but does no damage.
The black bear claws you but does no damage. x2
The ogre hits you but does no damage.
You hit the black bear but do no damage.
Your kick misses the black bear. Your peck misses the black bear.
The black bear is heavily wounded.
You hit the ogre. The black bear bites you. The black bear claws you.
The black bear claws you but does no damage.
You hit the black bear. You peck the black bear.
The black bear is severely wounded.
You hit the ogre.
The ogre hits you with a +0 giant spiked club.
The black bear barely misses you.
The black bear claws you but does no damage.
The black bear barely misses you.
You hit the black bear. You claw the black bear.
The black bear is almost dead.
You hit the ogre.
The gnoll sergeant hits you from afar with a +0 spear.
The black bear goes berserk!
A gnoll comes into view.
It is wielding a +1 flail of protection.
You hit the black bear.
The black bear is almost dead.
You barely miss the ogre.
The ogre hits you with a +0 giant spiked club!!
Ouch! That really hurt!
You die...

... #.# ...# #.....#.# ...
#.....#..... #.....#....
#.....#.#.# .........#
...#...#
##############.#@..# .g
...............hO..# # ...
######........._.g.##.#.#...
..>.<.....................
##.########..#####.####.# ..
#...........#.((#......#...
#.#########.#...#.#.......$
##...........#####...g......
....#######..........##...##


You could see a black bear (berserk), an ogre, a gnoll sergeant, 2 dancing
weapons and a gnoll.

Vanquished Creatures
  A scorpion (D:5)
  A howler monkey (D:4)
  A jelly (D:4)
  2 iguanas
  3 adders
  A worm (D:3)
  2 dart slugs
  4 orcs
  2 endoplasms
  5 giant cockroaches
  4 goblins
  3 hobgoblins
  5 jackals
  9 quokkas
  A ball python (D:1)
  6 bats
  A frilled lizard (D:1)
  4 kobolds
  4 rats
59 creatures vanquished.

Notes
Turn   | Place    | Note
-------+----------+-------------------------------------------
     0 | D:1      | qw the Tengu Warper began the quest for the Orb.
     0 | D:1      | Reached XP level 1. HP: 12/12 MP: 4/4
     0 | D:1      | 0 ||| qw: Version: 0.1-a-89-g26bdef1
     0 | D:1      | 0 ||| qw: Game counter: 2179
     0 | D:1      | 0 ||| qw: Always use a shield: true
     0 | D:1      | 0 ||| qw: God list: Okawaru
     0 | D:1      | 0 ||| qw: Allow faded altars: false
     0 | D:1      | 0 ||| qw: Do Orc after D:15 true
     0 | D:1      | 0 ||| qw: Do second Lair branch before Depths: true
     0 | D:1      | 0 ||| qw: Lair rune preference: random
     0 | D:1      | 0 ||| qw: Plans: Normal
     0 | D:1      | 0 ||| PLANNING D:1-11
    21 | D:1      | 21 ||| Stepping ~*~*~tactically~*~*~ (stealth).
    99 | D:1      | Reached skill level 3 in Axes
    99 | D:1      | Reached XP level 2. HP: 7/17 MP: 6/6
  1041 | D:1      | 1041 ||| UPGRADING to +0 pair of gloves.
  1046 | D:1      | 1046 ||| UPGRADING to +0 ring mail.
  1056 | D:1      | 1056 ||| DROPPING +0 leather armour.
  1057 | D:1      | 1057 ||| READING 3 scrolls labelled NAVEAG BUSAONNA.
  1058 | D:1      | 1058 ||| READING 2 scrolls of identify.
  1058 | D:1      | 1058 ||| IDENTIFYING silvery potion
  1059 | D:1      | 1059 ||| DROPPING scroll of blinking.
  1107 | D:2      | 1107 ||| STAIRDANCE
  1112 | D:1      | Reached skill level 4 in Axes
  1112 | D:1      | Reached XP level 3. HP: 14/21 MP: 7/7
  1239 | D:2      | 1239 ||| STAIRDANCE
  1340 | D:2      | 1340 ||| Stepping ~*~*~tactically~*~*~ (stealth).
  1784 | D:2      | 1784 ||| DROPPING +0 club.
  1786 | D:2      | Found Cuniky's Book Boutique.
  2010 | D:2      | 2010 ||| READING scroll labelled LEDGHA KYNUCS.
  2011 | D:2      | 2011 ||| READING scroll labelled DUPHID EXIAME.
  2012 | D:2      | 2012 ||| READING scroll labelled LASKAA SELO.
  2117 | D:3      | Found an iron altar of Okawaru.
  2117 | D:3      | Found a bloodstained altar of Trog.
  2166 | D:3      | Became a worshipper of Warmaster Okawaru
  2210 | D:3      | Reached XP level 4. HP: 14/26 MP: 8/8
  3143 | D:3      | 3143 ||| DROPPING ring of magical power.
  3144 | D:3      | 3144 ||| DROPPING ring of flight.
  3238 | D:4      | Reached skill level 5 in Axes
  3268 | D:4      | Gained mutation: Your magical nature lets you fly swiftly
                  | and evasively. [Tengu growth]
  3268 | D:4      | Reached XP level 5. HP: 22/30 MP: 9/9
  3415 | D:4      | Reached skill level 6 in Axes
  3439 | D:4      | 3439 ||| FLEEEEING.
  3566 | D:4      | Found a glowing silver altar of Zin.
  3783 | D:4      | 3783 ||| FLEEEEING.
  3785 | D:4      | 3785 ||| FLEEEEING.
  3786 | D:4      | 3786 ||| FLEEEEING.
  3787 | D:4      | 3787 ||| FLEEEEING.
  3788 | D:4      | 3788 ||| FLEEEEING.
  3789 | D:4      | 3789 ||| FLEEEEING.
  3790 | D:4      | 3790 ||| FLEEEEING.
  3791 | D:4      | 3791 ||| FLEEEEING.
  3797 | D:4      | 3797 ||| FLEEEEING.
  3798 | D:4      | 3798 ||| FLEEEEING.
  3799 | D:4      | 3799 ||| FLEEEEING.
  3800 | D:4      | 3800 ||| FLEEEEING.
  3801 | D:4      | 3801 ||| FLEEEEING.
  3808 | D:4      | 3808 ||| FLEEEEING.
  3809 | D:4      | 3809 ||| FLEEEEING.
  3810 | D:4      | 3810 ||| FLEEEEING.
  3822 | D:4      | 3822 ||| FLEEEEING.
  3823 | D:4      | 3823 ||| FLEEEEING.
  3824 | D:4      | 3824 ||| FLEEEEING.
  3825 | D:4      | 3825 ||| FLEEEEING.
  3826 | D:4      | 3826 ||| FLEEEEING.
  3827 | D:4      | 3827 ||| FLEEEEING.
  3828 | D:4      | 3828 ||| FLEEEEING.
  3829 | D:4      | 3829 ||| FLEEEEING.
  3830 | D:4      | 3830 ||| STAIRDANCE
  3862 | D:3      | 3862 ||| UPGRADING to +0 chain mail.
  3872 | D:3      | 3872 ||| DROPPING +0 ring mail.
  3873 | D:3      | 3873 ||| DROPPING amulet of guardian spirit.
  3874 | D:3      | 3874 ||| READING scroll labelled SYIWIR SOE.
  3875 | D:3      | 3875 ||| READING scroll labelled YNTECL ISUONU.
  3876 | D:3      | 3876 ||| DRINKING 3 grey potions.
  3877 | D:3      | 3877 ||| DRINKING 2 clear potions.
  3878 | D:3      | 3878 ||| DROPPING 2 potions of flight.
  3879 | D:3      | 3879 ||| DROPPING potion of brilliance.
  3990 | D:4      | Found a basalt altar of Yredelemnul.
  3992 | D:4      | Noticed a profane servitor
  3997 | D:4      | Found a glowing golden altar of the Shining One.
  4014 | D:4      | Noticed an angel
  4066 | D:5      | Entered Level 5 of the Dungeon
  4096 | D:5      | Noticed a +0 dagger
  4099 | D:5      | Noticed a +0 dagger
  4108 | D:5      | Reached * piety under Okawaru
  4109 | D:5      | Reached XP level 6. HP: 35/35 MP: 10/10
  4130 | D:5      | Found a hide-covered altar of Uskayaw.
  4175 | D:5      | 4175 ||| FLEEEEING.
  4176 | D:5      | 4176 ||| FLEEEEING.
  4177 | D:5      | 4177 ||| FLEEEEING.
  4178 | D:5      | 4178 ||| FLEEEEING.
  4179 | D:5      | 4179 ||| FLEEEEING.
  4180 | D:5      | 4180 ||| FLEEEEING.
  4180 | D:5      | Noticed a black bear
  4181 | D:5      | 4181 ||| INVOKING Heroism.
  4185 | D:5      | 4185 ||| Stepping ~*~*~tactically~*~*~ (hiding).
  4191 | D:5      | Slain by an ogre

Levels and vault maps discovered:
D:1:      ncdulo_wetmaze, layout_rooms, serial_forest, infiniplex_forest_end_3,
          infiniplex_forest_split, infiniplex_forest_corner_2,
          infiniplex_forest_straight_2, infiniplex_forest_lined_ring,
          infiniplex_forest_straight_2, minmay_misc_feat_tiny
D:2:      layout_loops_ring, serial_shops, shop_statue, grunt_ministairs_3
D:3:      layout_basic, grunt_temple_overflow_bloody_war, minmay_hedge_maze
D:4:      layout_basic, zin_treasury, grunt_temple_overflow_holy_war
D:5:      layout_basic, vehumet_altar_wand_db, dancing_weapons_uskayaw

Skill      XL: |  1  2  3  4  5 |
---------------+----------------+-----
Axes           | 3 4 5 6 |  6.4
Armour         | 2 |  2.7
Fighting       | |  2.0
Throwing       | |  1.0
Dodging        | |  2.1
Spellcasting   | |  2.0
Translocations | |  2.4
Invocations    | |  0.4

Action                   |  1- 3 |  4- 6 || total
-------------------------+-------+-------++-------
Melee: Hand axe          |    94 |    81 ||   175
       Kick              |    20 |    24 ||    44
       Peck              |    11 |    20 ||    31
Throw: Boomerang         |     7 |     3 ||    10
Invok: Heroism           |       |     1 ||     1
  Use: Scroll            |     5 |     2 ||     7
       Potion            |       |     2 ||     2
Armor: Leather armour    |    14 |       ||    14
       Ring mail         |    27 |    19 ||    46
       Chain mail        |       |    18 ||    18
Dodge: Dodged            |    54 |    26 ||    80

Table legend:
 A = Non-vault XP
 B = Vault XP
 C = Vault XP percentage of total XP
 D = Non-vault monster count
 E = Vault monster count
 F = Vault count percentage of total count
                 A         B        C        D         E       F
            +---------+---------+-------+---------+---------+-------
      Total |     391 |       6 |   1.5 |      56 |       3 |   5.1
            +---------+---------+-------+---------+---------+-------
        D:1 |      46 |       3 |   6.1 |      20 |       2 |   9.1
        D:2 |      22 |       0 |   0.0 |      12 |       0 |   0.0
        D:3 |      35 |       3 |   7.9 |      11 |       1 |   8.3
        D:4 |     167 |       0 |   0.0 |      10 |       0 |   0.0
        D:5 |     121 |       0 |   0.0 |       3 |       0 |   0.0
            +---------+---------+-------+---------+---------+-------
